 Dungeon Crawl Stone Soup version 0.32-a0-711-g016ad743e0 (webtiles) character file.

Game seed: 11372013996013200787

639 Fodor the Chopper (level 7, -5/61 HPs)
             Began as a Minotaur Fighter on Mar 15, 2024.
             Killed from afar by mitch45678's ghost (11 damage)
             ... with a zap
             ... on level 4 of the Dungeon.
             The game lasted 00:07:41 (2521 turns).

Fodor the Chopper (Minotaur Fighter)                Turns: 2521, Time: 00:07:41

Health: -5/61      AC: 12    Str: 22    XL:     7   Next: 26%
Magic:  6/6        EV:  5    Int:  5    God:
Gold:   131        SH:  4    Dex: 10    Spells: 6/6 levels left

rFire   + . .        a - +0 war axe
rCold   . . .        c - +0 buckler
rNeg    . . .        v - +0 plate armour
rPois   .            (helmet restricted)
rElec   .            (no cloak)
rCorr   .            (no gloves)
SInv    .            (no boots)
Will    +....        (no amulet) Stlth
                     g - ring of willpower
HPRegen 0.30/turn    i - ring of protection from fire
MPRegen 0.10/turn

%: no passive effects
@: mighty
A: horns 2, retaliatory headbutt
a: no special abilities


You were on level 4 of the Dungeon.
You visited 1 branch of the dungeon, and saw 4 of its levels.

You collected 167 gold pieces.
You spent 36 gold pieces at shops.

Inventory:

Hand Weapons
 a - a +0 war axe (weapon)
Missiles
 q - 5 boomerangs (quivered)
 w - 4 throwing nets
Armour
 c - a +0 buckler (worn)
 v - a +0 plate armour (worn)
Jewellery
 g - a ring of willpower (left hand)
 i - a ring of protection from fire (right hand)
Talismans
 b - a blade talisman
Wands
 s - a wand of flame (23)
Scrolls
 f - a scroll of blinking {unknown}
 n - a scroll of revelation {unknown}
 o - a scroll of brand weapon {unknown}
 p - a scroll of poison {unknown}
 x - a scroll of identify {unknown}
 y - a scroll of amnesia {unknown}
Potions
 d - a potion of might
 e - a potion of attraction {unknown}
 h - 4 potions of heal wounds {unknown}
 j - a potion of enlightenment {unknown}
 l - a potion of magic {unknown}
 m - a potion of berserk rage {unknown}
 r - a potion of haste {unknown}
 t - a potion of resistance {unknown}
 u - a potion of cancellation {unknown}


   Skills:
 + Level 5.4 Fighting
 + Level 7.1 Axes
 + Level 1.0 Throwing
 + Level 5.3 Armour
 + Level 1.4 Dodging
 + Level 4.3 Shields


You had 6 spell levels left.
You didn't know any spells.
Your spell library contained the following spells:

 Spells                   Type           Power      Damage    Failure   Level
 Magic Dart               Conj           0%         1d3       100%        1
 Summon Small Mammal      Summ           0%         N/A       100%        1
 Blink                    Tloc           0%         N/A       100%        2
 Call Imp                 Summ           0%         N/A       100%        2
 Dazzling Flash           Conj/Hex       0%         N/A       100%        3
 Starburst                Conj/Fire      0%         6d3       100%        6
 Maxwell's Capacitive Co  Air            0%         ∞         100%        8


Dungeon Overview and Level Annotations

Branches:
Dungeon (4/15)
 Temple: D:4-7

Altars:
Ashenzari
Cheibriados
Elyvilon
Nemelex Xobeh
Okawaru
Uskayaw
The Shining One

Shops:
D:1 !

Annotations:
D:3 2 transporters
D:4 mitch45678's ghost, amateur MDAE


Innate Abilities, Weirdness & Mutations

You have a pair of horns on your head.
You reflexively headbutt those who attack you in melee.


Message History

The zap hits you! The zap hits you.
You closely miss mitch45678's ghost. Mitch45678's ghost hits you.
You completely miss mitch45678's ghost.
Mitch45678's ghost mumbles, "They all look like pillowcases to me..."
You block mitch45678's ghost's attack.
You closely miss mitch45678's ghost. You headbutt mitch45678's ghost!
Mitch45678's ghost is lightly damaged.
Mitch45678's ghost hits you but does no damage.
You slash mitch45678's ghost! You headbutt mitch45678's ghost!
Mitch45678's ghost is severely damaged.
Mitch45678's ghost closely misses you.
You slash mitch45678's ghost!
Mitch45678's ghost is severely damaged.
Mitch45678's ghost hits you but does no damage.
You hit mitch45678's ghost.
Mitch45678's ghost is severely damaged.
Mitch45678's ghost gestures at you while chanting.
The zap misses you. The zap hits you but does no damage.
Mitch45678's ghost hits you but does no damage.
You barely miss mitch45678's ghost.
Your headbutt misses mitch45678's ghost.
Mitch45678's ghost is severely damaged.
Mitch45678's ghost hits you.
You closely miss mitch45678's ghost.
Mitch45678's ghost is severely damaged.
Mitch45678's ghost points at you and mumbles some strange words.
The zap hits you!
* * * LOW HITPOINT WARNING * * *
The zap misses you.
You feel better.
Mitch45678's ghost points at you and mumbles some strange words.
The zap hits you. The zap hits you!!
* * * LOW HITPOINT WARNING * * *
You feel better. Mitch45678's ghost hits you.
* * * LOW HITPOINT WARNING * * *
You hit mitch45678's ghost.
Mitch45678's ghost is almost destroyed.
Mitch45678's ghost casts a spell at you.
The zap hits you!
You die...

#.. #....##≈.≈.≈.≈..#.
#.# #....###..≈..##...
#.# #####..#≈.≈.≈# #..
##.###########.##≈.≈)≈#
.
#..))).........##≈...≈#
#...########.#####.._..#
#..## ####..# #######
#.# #♣.#...# ## #ß$W@..#
#♣.#..## ######


You could see mitch45678's ghost.

Vanquished Creatures
  Sigmund (D:2)
  Edmund (D:4)
  An orc priest (D:4)
  Natasha (thrice) (D:3)
  An iguana (D:4)
  An orc wizard (D:4)
  A sleepcap (D:4)
  Terence (D:3)
  7 gnolls
  2 adders
  A dart slug (D:3)
  A ribbon worm (D:2)
  4 orcs (D:4)
  4 bats
  2 endoplasms
  3 giant cockroaches (D:2)
  8 hobgoblins
  2 jackals (D:1)
  5 kobolds
  2 quokkas
  7 ball pythons
  2 frilled lizards
  3 goblins
  7 rats
70 creatures vanquished.

Notes
Turn   | Place    | Note
-------+----------+-------------------------------------------
     0 | D:1      | Fodor the Minotaur Fighter began the quest for the Orb.
     0 | D:1      | Reached XP level 1. HP: 19/19 MP: 0/0
   384 | D:1      | Reached XP level 2. HP: 27/27 MP: 1/1
   385 | D:1      | Found a faded altar of an unknown god.
   441 | D:1      | Found Summock's Distillery.
   469 | D:1      | Bought a potion of curing for 36 gold pieces
   499 | D:1      | Got Plato's Essays on Generation
   740 | D:2      | Reached XP level 3. HP: 33/33 MP: 2/2
  1272 | D:2      | Noticed Sigmund
  1284 | D:2      | Killed Sigmund
  1285 | D:2      | Reached skill level 4 in Axes
  1285 | D:2      | Reached skill level 1 in Dodging
  1285 | D:2      | Reached XP level 4. HP: 22/41 MP: 3/3
  1285 | D:2      | Reached XP level 5. HP: 26/47 MP: 4/4
  1562 | D:3      | Reached skill level 5 in Fighting
  1572 | D:3      | Reached skill level 5 in Axes
  1738 | D:3      | Found a transporter.
  1738 | D:3      | Found a white marble altar of Elyvilon.
  1761 | D:3      | Noticed Natasha
  1766 | D:3      | Killed Natasha
  1767 | D:3      | Reached skill level 5 in Armour
  1767 | D:3      | Reached XP level 6. HP: 54/56 MP: 5/5
  1812 | D:3      | Noticed Terence
  1818 | D:3      | Killed Terence
  1855 | D:3      | Found an iron altar of Okawaru.
  1856 | D:3      | Found a glowing golden altar of the Shining One.
  1860 | D:3      | Found a broken altar of Ashenzari.
  1862 | D:3      | Found a sparkling altar of Nemelex Xobeh.
  1863 | D:3      | Found a snail-covered altar of Cheibriados.
  1867 | D:3      | Identified the +0 leather armour "Zinaeche" {^Drain +Inv
                  | Will+ Regen+}
  1976 | D:3      | Noticed Natasha
  1984 | D:3      | Killed Natasha
  2066 | D:3      | Found a transporter.
  2119 | D:3      | Noticed Natasha
  2130 | D:3      | Killed Natasha
  2306 | D:4      | Noticed Edmund
  2324 | D:4      | Killed Edmund
  2325 | D:4      | Reached skill level 6 in Axes
  2325 | D:4      | Reached XP level 7. HP: 52/60 MP: 6/6
  2426 | D:4      | Reached skill level 1 in Throwing
  2431 | D:4      | Found a hide-covered altar of Uskayaw.
  2464 | D:4      | Found a runed translucent door.
  2467 | D:4      | Noticed mitch45678's ghost (amateur MDAE)
  2490 | D:4      | Reached skill level 7 in Axes
  2519 | D:4      | HP: 2/61 [mitch45678's ghost/zap (18)]
  2521 | D:4      | Killed from afar by mitch45678's ghost

Illustrated notes

Levels and vault maps discovered:
D:1:      dpeg_cavernosity, layout_basic, serial_shops, shop,
          shapermc_ecumenical_altar_rom_forum
D:2:      layout_basic, uniq_sigmund
D:3:      layout_loops_ring, grunt_temple_overflow_open, elyvilon_altar_4,
          uniq_terence, uniq_natasha
D:4:      layout_rooms, nicolae_uskayaw_suspiria,
          mainiacjoe_overflow_cross_hatched, minmay_temple_entry_nine_rooms,
          gammafunk_ghost_grave, uniq_eustachio, uniq_edmund,
          uniq_crazy_yiuf_cottage

Skill      XL: |  1  2  3  4  5  6  7 |
---------------+----------------------+-----
Fighting       | 4 5 |  5.4
Armour         | 4 5 |  5.3
Shields        | 4 |  4.3
Axes           | 4 5 6 7 |  7.1
Dodging        | 1 |  1.4
Throwing       | 1 |  1.0

Action                     |  1- 3 |  4- 6 |  7- 9 || total
---------------------------+-------+-------+-------++-------
  Melee: War axe           |    82 |    66 |    36 ||   184
         Headbutt          |    11 |    10 |     6 ||    27
  Throw: Throwing net      |     1 |       |       ||     1
         Boomerang         |       |    17 |       ||    17
    Use: Potion            |       |       |     3 ||     3
 Armour: Scale mail        |    66 |    34 |       ||   100
         Plate armour      |       |    18 |    36 ||    54
  Dodge: Dodged            |    23 |    28 |    13 ||    64
  Block: Buckler           |    18 |    17 |     2 ||    37

Table legend: (Time is in decaauts)
 A = Elapsed time spent in this place.
 B = Non-inter-level travel time spent in this place.
 C = Inter-level travel time spent in this place.
 D = Time resting spent in this place.
 E = Time spent auto-exploring this place.
 F = Levels seen in this place.
 G = Mean time per level.
                   A        B        C        D        E       F      G
               +--------+--------+--------+--------+--------+-----+--------+
         Total |   2585 |   2535 |     50 |     98 |   1630 |   4 |  646.2 |
       Dungeon |   2585 |   2535 |     50 |     98 |   1630 |   4 |  646.2 |
               +--------+--------+--------+--------+--------+-----+--------+

Top non-repeatable levels by time:
     D:2: 866 daAuts
     D:3: 759 daAuts
     D:1: 710 daAuts
     D:4: 250 daAuts
